 Dungeon Crawl Stone Soup version 0.21.1-1-g345015fe64 (webtiles) character file.

7223 Norrik the Basher (level 10, -4/96 HPs)
             Began as a Minotaur Gladiator on Mar 15, 2018.
             Was a Believer of Trog.
             Killed by drain life
             ... invoked by a soul eater
             ... summoned by an orc sorcerer
              (15 damage)
             ... on level 8 of the Dungeon.
             The game lasted 00:40:20 (8621 turns).

Norrik the Basher (Minotaur Gladiator)              Turns: 8621, Time: 00:40:20

Health: -4/96      AC: 16    Str: 18    XL:     10   Next: 88%
Magic:  0/9        EV:  7    Int:  8    God:    Trog [**....]
Gold:   406        SH:  0    Dex: 16    Spells: 9/9 levels left

rFire    . . .     SeeInvis .   i - +2 whip (venom)
rCold    . . .     Gourm    .   (no shield)
rNeg     . . .     Faith    .   B - +1 plate armour
rPois    .         Spirit   +   c - +0 hat
rElec    .         Reflect  .   (no cloak)
rCorr    .         Harm     .   n - +0 pair of gloves
MR       +++..                  (no boots)
Stlth    ..........             t - amulet of guardian spirit
HPRegen  1.26/turn              H - ring of protection from magic
MPRegen  0.11/turn              U - +3 ring of dexterity

@: berserk cooldown, regenerating, slowed, very slow
A: retaliatory headbutt, horns 2
a: Berserk, Trog's Hand, Burn Spellbooks, Renounce Religion


You were on level 8 of the Dungeon.
You worshipped Trog.
Trog was pleased with you.
You were near starving.

You visited 2 branches of the dungeon, and saw 9 of its levels.
You also visited: Sewer.

You collected 406 gold pieces.

Inventory:

Hand Weapons
 a - a +0 trident
 d - the +0 hand crossbow of Hiwnaen {elec, rN+ Str+4 Int-3 Dex+2}
   (You found it on level 5 of the Dungeon)

   It charges the ammunition it shoots with electricity; occasionally upon a
   hit, such missiles may discharge and cause terrible harm.
   It affects your strength (+4).
   It affects your intelligence (-3).
   It affects your dexterity (+2).
   It protects you from negative energy.
 i - a +2 whip of venom (weapon)
 o - a +2 mace of crushing
 C - a +0 mace of holy wrath
 F - a +0 dire flail
Missiles
 b - 3 tomahawks
 D - 94 stones (quivered)
 Q - 4 throwing nets
Armour
 c - a +0 hat (worn)
 n - a +0 pair of gloves (worn)
 B - a +1 plate armour (worn)
Jewellery
 q - a +3 ring of intelligence
 t - an amulet of guardian spirit (around neck)
 H - a ring of protection from magic (left hand)
 K - an uncursed ring of protection from fire
 R - an uncursed ring of see invisible
 U - a +3 ring of dexterity (right hand)
Scrolls
 e - 2 scrolls of identify
 h - a scroll of fear
 j - a scroll of enchant weapon {unknown}
 k - a scroll of magic mapping {unknown}
 l - 5 scrolls of teleportation
 m - 2 scrolls of amnesia {unknown}
 u - a scroll of fog {unknown}
 x - 2 scrolls of remove curse
Potions
 r - 4 potions of curing
 s - a potion of haste
 v - a potion of ambrosia
 w - 2 potions of lignification
 A - a potion of flight
 E - 3 potions of heal wounds
 J - a potion of mutation {unknown}
 N - a potion of berserk rage {unknown}
 O - a potion of degeneration {unknown}
Books
 G - a book of Cantrips

   Spells                             Type                      Level
   a - Confusing Touch                Hexes                        1
   b - Animate Skeleton               Necromancy                   1
   c - Summon Small Mammal            Summoning                    1
   d - Apportation                    Translocation                1
   Trog disapproves of the use of such an item.
Comestibles
 f - 20 rations


   Skills:
 - Level 11.2 Fighting
 + Level 12.8 Maces & Flails
 - Level 3.6 Polearms
 - Level 2.0 Throwing
 - Level 10.0 Armour
 - Level 3.2 Dodging


You had 9 spell levels left.
You didn't know any spells.

Dungeon Overview and Level Annotations

Branches:
Dungeon (8/15)             Temple (1/1) D:4
   Lair: D:8-11

Altars:
Ashenzari
Cheibriados
Dithmenos
Elyvilon
Fedhas
Gozag
Hepliaklqana
Kikubaaqudgha
Makhleb
Okawaru
Qazlal
Ru
Sif Muna
Trog
Uskayaw
Vehumet
Wu Jian
Xom
Yredelemnul
Zin
The Shining One

Shops:
D:4 =   D:6 =


Innate Abilities, Weirdness & Mutations

You reflexively headbutt those who attack you in melee.
You have a pair of horns on your head.


Message History

The orc warrior barely misses you.
Really walk into that cloud of seething chaos?
Okay, then.
You feel a strong urge to attack something.
The warg is engulfed in seething chaos.
The warg flickers and vanishes!
Deactivating autopickup; reactivate with Ctrl-A.
Something bites you!
* * * LOW HITPOINT WARNING * * *
The orc warrior barely misses you.
Really walk into that cloud of seething chaos? [Y]es or [N]o only, please.
Really walk into that cloud of seething chaos?
Okay, then.
Something bites you.
* * * LOW HITPOINT WARNING * * *
You feel your anger nearly subside.
You are no longer berserk.
You are exhausted.
You feel yourself slow down.
The soul eater draws from the surrounding life force!
You die...

≈≈≈≈≈≈≈≈≈≈≈≈ ≈≈....########
≈≈≈≈≈≈≈≈≈≈≈ ≈....# # h.....(.
.....# # #......# #...<# # . #.
#.(.# #.... # ....##.###)o#
#..# # #......).(3#######..# #
.....P.####o§........##########
..P.P.P.# ###{@...#..)...†.....
PP...P... ###÷###.###########
....P.P..## #.# #.....#
...P...P.P# #.# #####.# ####
P#'##.P.P.# ###)# #.####... #.
#P....###.[.# #.##...#.
#..P...##[### ##....####
#P..PPo)).# ##.........
P.......###.# ###...#.##.##


You could see a soul eater and an orc warrior.

Vanquished Creatures
  2 two-headed ogres
  The ghost of Burgietje the Chopper, a novice DDFi (D:5)
  A hippogriff (D:7)
  Eustachio (D:5)
  8 wargs (D:8)
  A porcupine (D:8)
  2 sky beasts (D:5)
  3 orc warriors
  2 ice beasts
  2 black bears
  A hornet zombie (D:8)
  2 ogres (D:6)
  4 phantoms
  3 centaurs
  2 crocodiles
  An elf zombie (D:5)
  A gnoll sergeant (D:8)
  5 bullfrogs
  A scorpion (D:6)
  3 wights
  4 killer bees
  7 howler monkeys
  3 crimson imps
  10 orc wizards
  6 hounds
  2 human skeletons (D:5)
  3 orc priests
  An iguana (D:7)
  8 worker ants
  A hound skeleton (D:4)
  A worker ant zombie (D:6)
  5 gnolls
  14 adders
  5 shadow imps
  An adder zombie (D:6)
  An adder skeleton (D:7)
  2 worms
  A dart slug (D:3)
  7 leopard geckos
  47 orcs
  A ball python (D:4)
  8 bats
  8 giant cockroaches
  8 goblins
  7 hobgoblins
  6 jackals
  9 kobolds
  2 quokkas
  A frilled lizard (D:1)
  A jackal skeleton (D:5)
  A leopard gecko skeleton (D:4)
  A leopard gecko zombie (D:7)
  3 orc zombies (D:5)
  A quokka zombie (D:5)
  3 rats
235 creatures vanquished.

Vanquished Creatures (others)
  A wizard (D:6)
  A leopard gecko (D:8)
  10 fungi (D:8)
  A plant (D:8)
13 creatures vanquished.

Grand Total: 248 creatures vanquished

Notes
Turn   | Place    | Note
-------+----------+-------------------------------------------
     0 | D:1      | Norrik the Minotaur Gladiator began the quest for the Orb.
     0 | D:1      | Reached XP level 1. HP: 18/18 MP: 0/0
   279 | D:1      | Reached XP level 2. HP: 17/26 MP: 1/1
  1120 | D:2      | Reached XP level 3. HP: 32/34 MP: 2/2
  1520 | D:3      | Reached skill level 5 in Fighting
  1539 | D:3      | Found a faded altar of an unknown god.
  1560 | D:3      | Reached XP level 4. HP: 36/42 MP: 3/3
  1753 | D:3      | Found a glowing drain.
  1777 | Sewer    | Entered a sewer
  1796 | Sewer    | Reached XP level 5. HP: 51/51 MP: 4/4
  1850 | Sewer    | Noticed a crocodile
  1866 | Sewer    | Killed a crocodile
  2545 | D:4      | Noticed a phantom
  2566 | D:4      | Killed a phantom
  2566 | D:4      | Reached XP level 6. HP: 47/61 MP: 5/5
  2981 | D:4      | Found Penle's Jewellery Shop.
  3231 | D:4      | Reached XP level 7. HP: 63/70 MP: 6/6
  3447 | D:4      | Found a staircase to the Ecumenical Temple.
  3459 | Temple   | Entered the Ecumenical Temple
  3638 | D:5      | Entered Level 5 of the Dungeon
  3661 | D:5      | Noticed Burgietje's ghost (novice DDFi)
  3840 | D:5      | Reached skill level 10 in Fighting
  3996 | D:5      | Noticed Eustachio
  4028 | D:5      | Killed Eustachio
  4195 | D:5      | Reached XP level 8. HP: 82/82 MP: 7/7
  4277 | D:5      | Reached skill level 1 in Armour
  4575 | D:5      | Killed Burgietje's ghost
  4806 | D:5      | Got a brightly glowing hand crossbow
  5097 | D:6      | Found a glowing golden altar of the Shining One.
  5189 | D:6      | Reached XP level 9. HP: 75/89 MP: 8/8
  5203 | D:6      | Found Ybunaf's Jewellery Emporium.
  5735 | D:6      | Found a bloodstained altar of Trog.
  5742 | D:6      | Noticed a wizard
  5744 | D:6      | Killed a wizard
  5752 | D:6      | Became a worshipper of Trog the Wrathful
  5806 | D:6      | Reached skill level 10 in Armour
  6012 | D:6      | Identified the cursed +0 hand crossbow of Hiwnaen {elec, rN+ Str+4 Int-3 Dex+2} (You found it on level 5 of the Dungeon)
  6184 | D:7      | Reached skill level 1 in Maces & Flails
  6202 | D:7      | Found a basalt altar of Yredelemnul.
  6246 | D:7      | Reached skill level 2 in Maces & Flails
  6327 | D:7      | Reached skill level 3 in Maces & Flails
  6356 | D:7      | Noticed a two-headed ogre
  6381 | D:7      | Killed a two-headed ogre
  6381 | D:7      | Reached skill level 7 in Maces & Flails
  6860 | D:7      | Reached skill level 8 in Maces & Flails
  6874 | D:7      | Reached XP level 10. HP: 91/96 MP: 9/9
  6964 | D:7      | Reached * piety under Trog
  7293 | D:8      | Reached skill level 9 in Maces & Flails
  7508 | D:8      | Reached ** piety under Trog
  7575 | D:8      | Noticed a two-headed ogre
  7591 | D:8      | Killed a two-headed ogre
  7591 | D:8      | Reached skill level 10 in Maces & Flails
  7642 | D:8      | Reached skill level 11 in Maces & Flails
  8184 | D:8      | Reached skill level 12 in Maces & Flails
  8383 | D:8      | Reached *** piety under Trog
  8584 | D:8      | Noticed an orc sorcerer
  8599 | D:8      | Noticed a soul eater
  8621 | D:8      | Killed from afar by a soul eater

Skill      XL: |  1  2  3  4  5  6  7  8  9 10 |
---------------+-------------------------------+-----
Fighting       | 3 4 5 6 7 9 11 | 11.2
Armour         | 8 10 | 10.0
Maces & Flails | 8 12 | 12.8
Polearms       | |  3.6
Throwing       | |  2.0
Dodging        | |  3.2

Action                   |  1- 3 |  4- 6 |  7- 9 | 10-12 || total
-------------------------+-------+-------+-------+-------++-------
Melee: Trident           |    17 |       |       |       ||    17
       Whip              |    58 |   127 |   328 |   296 ||   809
       Headbutt          |    15 |    24 |    70 |    78 ||   187
Throw: Throwing net      |       |       |     3 |       ||     3
       Stone             |       |       |       |    24 ||    24
Invok: Berserk           |       |       |       |     3 ||     3
       Trog's Hand       |       |       |       |     1 ||     1
  Use: Scroll            |     3 |       |    12 |       ||    15
  Eat: Chunk             |     2 |     5 |    13 |     7 ||    27
Armor: Leather armour    |     6 |       |       |       ||     6
       Chain mail        |    33 |    90 |    29 |       ||   152
       Plate armour      |       |       |   188 |   169 ||   357
Dodge: Dodged            |    51 |    61 |   108 |    94 ||   314
